 Dungeon Crawl Stone Soup version 0.20-a0-470-gbb038bd (webtiles) character file.

996 Klosterheim the Purveyor of Pain (level 7, -9/48 HPs)
             Began as a Demonspawn Necromancer on Jan 13, 2017.
             Was an Initiate of Kikubaaqudgha.
             Killed by nerve-wracking pain
             ... invoked by Menkaure
              (12 damage)
             ... on level 5 of the Dungeon.
             The game lasted 00:26:06 (5912 turns).

Klosterheim the Purveyor of Pain (DsNe)             Turns: 5912, Time: 00:26:07

Health: -9/48      AC: 10    Str:  9    XL:     7   Next: 99%
Magic:  1/14       EV: 12    Int: 23    God:    Kikubaaqudgha [......]
Gold:   349        SH:  0    Dex: 13    Spells: 7/16 levels left

rFire  . . .     SeeInvis .     A - staff of wizardry
rCold  . . .     Gourm    .     a - +0 robe
rNeg   . . .     Faith    .     (no shield)
rPois  +         Spirit   .     f - +0 helmet
rElec  .         Reflect  .     u - +1 cloak
rCorr  .         Harm     .     v - +2 pair of gloves
MR     .....                    (no boots)
Stlth  ++........               (no amulet)
                                (no ring)
                                r - ring of poison resistance

@: brilliant
A: talons 1, iridescent scales 1
a: Renounce Religion


You were on level 5 of the Dungeon.
You worshipped Kikubaaqudgha.
Kikubaaqudgha was noncommittal.
You were very hungry.

You visited 2 branches of the dungeon, and saw 6 of its levels.

You collected 349 gold pieces.

Inventory:

Armour
 a - a +0 robe (worn)
 f - a +0 helmet (worn)
 u - a +1 cloak (worn)
 v - a +2 pair of gloves (worn)
Magical Staves
 A - an uncursed staff of wizardry (weapon)
Jewellery
 r - a ring of poison resistance (left hand)
 x - an uncursed ring of ice
Wands
 g - a wand of acid (9/15)
 n - a wand of flame (30/48)
Scrolls
 e - a scroll of fog {unknown}
 h - a scroll of immolation {unknown}
 i - a scroll of enchant armour
 k - a scroll of recharging
 m - a scroll of amnesia {unknown}
 o - a scroll of magic mapping {unknown}
 p - a scroll of remove curse
 t - a scroll of enchant weapon
 y - a scroll of teleportation {unknown}
Potions
 q - 2 potions of curing
 z - a potion of might {unknown}
Books
 b - a book of Necromancy

   Spells                             Type                      Level
   a - Pain                           Necromancy                   1
   b - Animate Skeleton               Necromancy                   1
   c - Vampiric Draining              Necromancy                   3
   d - Regeneration                   Charms/Necromancy            3
   e - Animate Dead                   Necromancy                   4
   f - Control Undead                 Necromancy                   4
Comestibles
 c - 4 bread rations
 d - 18 fruits
 j - a meat ration
 w - 3 chunks of flesh


   Skills:
 + Level 1.0 Fighting
 + Level 2.2 Dodging
 - Level 1.7 Stealth
 - Level 5.1 Spellcasting
 - Level 9.1 Necromancy


You had 7 spell levels left.
You knew the following spells:

 Your Spells              Type           Power        Failure   Level  Hunger
a - Pain                  Necr           ####         1%          1    None
b - Animate Dead          Necr           N/A          1%          4    ####...
c - Control Undead        Necr           ######....   1%          4    ####...


Dungeon Overview and Level Annotations

Branches:
Dungeon (5/15)             Temple (1/1) D:5

Altars:
Ashenzari
Dithmenos
Fedhas
Gozag
Hepliaklqana
Kikubaaqudgha
Makhleb
Nemelex Xobeh
Okawaru
Ru
Sif Muna
Trog
Xom
Yredelemnul
Zin
The Shining One

Shops:
D:4 %}(%

Annotations:
D:5 Menkaure


Innate Abilities, Weirdness & Mutations

You have sharp toenails.
You are partially covered in iridescent scales. (AC +2)


Message History

Casting: Animate Dead
Confirm with . or Enter, or press ? or * to list all spells.
Aiming: Pain
Press: ? - help, Shift-Dir - straight line, f - hound
Aim: a hound (severely wounded, chance to defeat MR: 89%)
The hound writhes in agony!
You kill the hound!
Kikubaaqudgha accepts your kill.
Your Fighting skill increases to level 1!
Menkaure barely misses you.
Casting: Pain
Confirm with . or Enter, or press ? or * to list all spells.
You don't have enough magic to cast that spell.
Menkaure hits you.
* * * LOW HITPOINT WARNING * * *
You see here a whip.
Menkaure casts a spell at you. Pain shoots through your body!
You die...
Kikubaaqudgha rasps: "You have failed me!
Welcome... death!"

##########.##.#..#..###...# ..
.......###.##.......# ##### ####.
#.......##.ZZ..[.#### #....
...###..##.......## #....
##[###..#######.).# # #....
#.##..(# #...# #.##.#. #.##.#.#
#...# #..Z.Z. ##.##.#.## #...#
#######Z## .........# #)@.#
#..Z..Z...
##.##<##.######..)######.##.#####
##.##.##..........M...Z†.##.#
............................#
#..##.##.................##.#
.........######...######.##.#####
#.######## #...# #.##...... #.#
#)..# #...)...## #.# #...#
###.#####


You could see Menkaure.

Vanquished Creatures
  Sigmund (D:5)
  A centaur (D:5)
  2 ogres (D:4)
  A howler monkey (D:4)
  4 hounds
  A bullfrog skeleton (D:4)
  2 orc priests
  5 worker ants
  5 adders
  A howler monkey skeleton (D:4)
  An ooze (D:2)
  2 worms
  4 dart slugs
  5 leopard geckos
  6 orcs
  9 giant cockroaches
  8 goblins
  6 hobgoblins
  5 kobolds
  A quokka (D:4)
  2 ball pythons
  6 bats
  3 frilled lizards
  9 rats
90 creatures vanquished.

Vanquished Creatures (collateral kills)
  An ogre (D:5)
  A centaur skeleton (D:5)
  A hound skeleton (D:5)
  An adder skeleton (D:5)
  3 orcs (D:5)
7 creatures vanquished.

Grand Total: 97 creatures vanquished

Notes
Turn   | Place    | Note
-------+----------+-------------------------------------------
     0 | D:1      | Klosterheim the Demonspawn Necromancer began the quest for the Orb.
     0 | D:1      | Reached XP level 1. HP: 13/13 MP: 3/3
   338 | D:1      | Gained mutation: You have sharp toenails. [demonic ancestry]
   338 | D:1      | Reached XP level 2. HP: 15/19 MP: 0/5
  1181 | D:2      | Reached skill level 5 in Necromancy
  1181 | D:2      | Reached XP level 3. HP: 21/24 MP: 1/7
  2143 | D:3      | Noticed a phantom
  2355 | D:3      | Gained mutation: You are partially covered in iridescent scales. (AC +2) [demonic ancestry]
  2355 | D:3      | Reached XP level 4. HP: 28/30 MP: 4/8
  2372 | D:3      | Learned a level 4 spell: Animate Dead
  2525 | D:3      | Found a glowing silver altar of Zin.
  2693 | D:3      | Reached skill level 6 in Necromancy
  2693 | D:3      | Reached XP level 5. HP: 32/35 MP: 4/10
  2962 | D:4      | Found Ybups's Gadget Shoppe.
  2969 | D:4      | Noticed an ogre
  2984 | D:4      | HP: 1/35 [ogre/giant club (16)]
  3012 | D:4      | Killed an ogre
  3385 | D:4      | Learned a level 4 spell: Control Undead
  3581 | D:4      | Found Nefulegh's Antique Weapon Shop.
  3586 | D:4      | Found Aximut's Food Emporium.
  3662 | D:4      | Reached XP level 6. HP: 39/41 MP: 11/11
  3815 | D:4      | Found Othoin's Food Shoppe.
  3878 | D:4      | Reached skill level 7 in Necromancy
  4465 | D:5      | Entered Level 5 of the Dungeon
  4545 | D:5      | Noticed Sigmund
  4858 | D:5      | Reached XP level 7. HP: 43/46 MP: 8/13
  4946 | D:5      | Reached skill level 8 in Necromancy
  4968 | D:5      | Killed Sigmund
  5100 | D:5      | Found a staircase to the Ecumenical Temple.
  5203 | Temple   | Entered the Ecumenical Temple
  5348 | Temple   | Became a worshipper of Kikubaaqudgha
  5420 | D:5      | Reached skill level 5 in Spellcasting
  5420 | D:5      | Reached skill level 9 in Necromancy
  5833 | D:5      | Noticed Menkaure
  5906 | D:5      | Reached skill level 1 in Fighting
  5912 | D:5      | Killed from afar by Menkaure

Vault maps used:
D:1:      saegor_arrival_simple_e
D:2:      dk_vineyard_3
D:3:      old_standard_altar, first_bread
D:4:      serial_shops, shop_statue, shop, shop, shop
D:5:      uniq_menkaure, uniq_sigmund
Temple:   regret_index_temple_waves

Skill      XL: |  1  2  3  4  5  6  7 |
---------------+----------------------+-----
Necromancy     | 5 6 7 9 |  9.1
Spellcasting   | 3 4 5 |  5.1
Dodging        | 2 |  2.2
Fighting       | 1 |  1.0
Stealth        | |  1.7

Action                   |  1- 3 |  4- 6 |  7- 9 || total
-------------------------+-------+-------+-------++-------
Melee: Unarmed           |     2 |       |       ||     2
       Trident           |    22 |    23 |     9 ||    54
       Kick              |     3 |     4 |     3 ||    10
 Cast: Pain              |    71 |    95 |    42 ||   208
       Animate Dead      |       |     5 |     8 ||    13
       Control Undead    |       |       |     1 ||     1
  Use: Scroll            |       |     3 |     5 ||     8
       Potion            |       |       |     1 ||     1
 Stab: Sleeping          |       |       |     1 ||     1
  Eat: Chunk             |     5 |     6 |     4 ||    15
       Fruit             |       |     2 |       ||     2
Armor: Robe              |     8 |    19 |    16 ||    43
Dodge: Dodged            |    16 |    32 |    34 ||    82
